 Dungeon Crawl Stone Soup version 0.29-a0-872-g797fff5ad1 (webtiles) character file.

Game seed: 2881747243429569062

245 yokelz the Cudgeller (level 5, -3/50 HPs)
             Began as a Troll Berserker on July 18, 2022.
             Was a Believer of Trog.
             Killed from afar by an orc wizard (6 damage)
             ... with a magic dart
             ... on level 3 of the Dungeon.
             The game lasted 00:05:10 (2038 turns).

yokelz the Cudgeller (Troll Berserker)              Turns: 2038, Time: 00:05:13

Health: -3/50      AC:  4    Str: 27    XL:     5   Next: 84%
Magic:  4/4        EV: 10    Int:  3    God:    Trog [**....]
Gold:   188        SH:  0    Dex:  9    Spells: 4/4 levels left

rFire   . . .      SeeInvis .   a - +0 mace
rCold   . . .      Faith    .   (no shield)
rNeg    . . .      Spirit   .   b - +0 animal skin
rPois   .          Reflect  .   (helmet restricted)
rElec   .          Harm     .   (no cloak)
rCorr   .          Rampage  .   (gloves unavailable)
Will    .....                   (boots unavailable)
Stlth   +.........              (no amulet)
HPRegen 0.96/turn               (no ring)
MPRegen 0.09/turn               (no ring)

@: confused, on berserk cooldown, hasted and slowed
A: large, unfitting armour, claws 3, regeneration 1, shaggy fur 1, tough skin 1
a: Renounce Religion, Berserk, Trog's Hand


You were on level 3 of the Dungeon.
You worshipped Trog.
Trog was pleased with you.
You visited 1 branch of the dungeon, and saw 4 of its levels.

You collected 188 gold pieces.

Inventory:

Hand Weapons
 a - a +0 mace (weapon)
Missiles
 l - 5 silver javelins (quivered)
Armour
 b - a +0 animal skin (worn)
Scrolls
 d - a scroll of teleportation
 f - 2 scrolls of magic mapping
 i - a scroll of enchant armour {unknown}
 j - a scroll of fear {unknown}
 k - a scroll of vulnerability {unknown}
Potions
 c - a potion of flight
 e - a potion of haste
 g - a potion of resistance {unknown}
 h - a potion of berserk rage
 m - a potion of curing {unknown}


   Skills:
 - Level 2.4 Fighting
 + Level 6.0 Maces & Flails
 - Level 2.4 Dodging


You had 4 spell levels left.
You didn't know any spells.
Your spell library was empty.

Dungeon Overview and Level Annotations

Branches:
Dungeon (4/15)
 Temple: D:4-7

Altars:

Shops:
D:4 [

Annotations:
D:4 Dowan, Duvessa


Innate Abilities, Weirdness & Mutations

You are too large for most types of armour.
You have claws for hands.
Your natural rate of healing is unusually fast.
You are covered in fur. (AC +1)
You have tough skin. (AC +1)


Message History

You hit the orc priest.
The orc priest is moderately wounded.
The bat hits you but does no damage.
The orc priest mumbles some strange prayers to Beogh against you.
Beogh smites you!
* * * LOW HITPOINT WARNING * * *
You hear some strange, mumbled words.
You are confused.
The orc priest hits you with a +0 dagger.
* * * LOW HITPOINT WARNING * * *
You hear some strange, mumbled words.
You are more confused.
It was a potion of haste.
You feel yourself speed up. The bat closely misses you.
The orc priest hits you with a +0 dagger.
* * * LOW HITPOINT WARNING * * *
Something hits you.
* * * LOW HITPOINT WARNING * * *
You hit the orc priest.
The orc priest is severely wounded.
The bat completely misses you. The bat hits you but does no damage.
Something hits you.
* * * LOW HITPOINT WARNING * * *
The orc priest closely misses you. The bat hits you but does no damage.
You sock the orc priest!
You kill the orc priest!
Trog accepts your kill. The bat barely misses you.
The bat hits you but does no damage. Something hits you.
* * * LOW HITPOINT WARNING * * *
Something hits you.
* * * LOW HITPOINT WARNING * * *
Your Maces & Flails skill increases to level 6!
It was a potion of berserk rage.
You're still recovering from your berserk rage.
The bat misses you.
You hear some strange, mumbled words.
A magic dart appears from out of thin air!
The magic dart hits you.
You die...

####### ......#
.####.#
......#########
..(...........#
......#######.#
...........##.#####
.#########.....)@{#
##
........#####b####
#
........##.......#
#
........##.##.##.#
# ........## #.# #
# ........# ..# #
.......## .##
....... .. ######.
.#


You could see a bat.

Vanquished Creatures
  A hound (D:4)
  An orc priest (D:3)
  An iguana (D:4)
  7 adders
  3 gnolls (D:4)
  A dart slug (D:4)
  5 orcs
  7 ball pythons
  4 bats
  2 endoplasms
  3 giant cockroaches
  9 hobgoblins
  4 jackals
  3 kobolds
  A quokka (D:1)
  2 frilled lizards
  8 goblins
  A rat (D:2)
63 creatures vanquished.

Notes
Turn   | Place    | Note
-------+----------+-------------------------------------------
     0 | D:1      | yokelz the Troll Berserker began the quest for the Orb.
     0 | D:1      | Reached XP level 1. HP: 22/22 MP: 0/0
   124 | D:1      | Reached skill level 3 in Maces & Flails
   191 | D:1      | Reached XP level 2. HP: 27/29 MP: 1/1
   901 | D:2      | Reached XP level 3. HP: 36/36 MP: 2/2
   979 | D:2      | Noticed a shining eye
   984 | D:2      | Noticed a floating eye
   986 | D:2      | Found a faded altar of an unknown god.
   988 | D:2      | Noticed a floating eye
  1011 | D:2      | Reached skill level 4 in Maces & Flails
  1011 | D:2      | Noticed a great orb of eyes
  1128 | D:2      | Reached ** piety under Trog
  1610 | D:2      | Reached XP level 4. HP: 39/44 MP: 3/3
  1618 | D:3      | Noticed an ogre
  1669 | D:4      | Found Xoizue's Armour Emporium.
  1701 | D:4      | Reached skill level 5 in Maces & Flails
  1779 | D:4      | Reached XP level 5. HP: 19/50 MP: 4/4
  1921 | D:4      | Noticed Dowan
  1923 | D:4      | Noticed Duvessa
  1942 | D:4      | Noticed a black bear
  2037 | D:3      | HP: 2/50 [something (3)]
  2038 | D:3      | Reached skill level 6 in Maces & Flails
  2038 | D:3      | Killed from afar by an orc wizard

Illustrated notes

Levels and vault maps discovered:
D:1:      saegor_arrival_simple_a, layout_basic
D:2:      layout_basic, hellmonk_ecumenical_altar_watching_god,
          minmay_misc_feat_diagonals, hex_medium
D:3:      cheibrodos_pilgrimage, layout_loops_cross, lemuel_crystal_altar,
          ebering_ghost_reflecting_pool, minivault_27
D:4:      layout_loops_ring, grunt_dithmenos_smoke, ebering_ghost_sewer_f,
          minmay_shop_grid_forest, grunt_ministairs_10, uniq_menkaure,
          uniq_duvessa

Skill      XL: |  1  2  3  4  5 |
---------------+----------------+-----
Maces & Flails | 3 4 5 6 |  6.0
Fighting       | |  2.4
Dodging        | |  2.4

Action                   |  1- 3 |  4- 6 || total
-------------------------+-------+-------++-------
Melee: Mace              |   118 |   110 ||   228
       Punch             |     1 |       ||     1
Invok: Berserk           |       |     3 ||     3
  Use: Scroll            |     3 |       ||     3
       Potion            |       |     2 ||     2
Armor: Animal skin       |    41 |    74 ||   115
Dodge: Dodged            |    76 |   108 ||   184

Table legend: (Time is in decaauts)
 A = Elapsed time spent in this place.
 B = Non-inter-level travel time spent in this place.
 C = Inter-level travel time spent in this place.
 D = Time resting spent in this place.
 E = Time spent auto-exploring this place.
 F = Levels seen in this place.
 G = Mean time per level.
                   A        B        C        D        E       F      G
               +--------+--------+--------+--------+--------+-----+--------+
         Total |   2097 |   2021 |     76 |     75 |   1378 |   4 |  524.2 |
       Dungeon |   2097 |   2021 |     76 |     75 |   1378 |   4 |  524.2 |
               +--------+--------+--------+--------+--------+-----+--------+

Top non-repeatable levels by time:
     D:2: 855 daAuts
     D:1: 817 daAuts
     D:4: 312 daAuts
     D:3: 112 daAuts
